 Dungeon Sprint DCSS version 0.26-a0-710-g95a0c6c400 (webtiles) character file.

Game seed: 5699871470539134174

142 mhtbhm the Nimble (level 5, -25/28 HPs)
             Began as a Felid Monk on Oct 30, 2020.
             Was an Elder of Makhleb.
             Killed from afar by a lindwurm (38 damage)
             ... with a blast of flame
             ... in the Dungeon (Sprint IX: "|||||||||||||||||||||||||||||").
             The game lasted 00:00:49 (504 turns).

mhtbhm the Nimble (Felid Monk)                       Turns: 504, Time: 00:00:49

Health: -25/28     AC:  3    Str:  8    XL:     5   Next: 3%
Magic:  6/6        EV: 27    Int: 11    God:    Makhleb [****..]
Gold:   9          SH:  0    Dex: 19    Spells: 4/4 levels left
                                        Lives:  0   Deaths: 1

rFire    . . .     SeeInvis +     - Unarmed
rCold    . . .     Faith    .   (shield unavailable)
rNeg     . . .     Spirit   .   (armour unavailable)
rPois    .         Reflect  .   (helmet unavailable)
rElec    .         Harm     .   (cloak unavailable)
rCorr    .         Rampage  .   (gloves unavailable)
MR       .....     NoTele   +   (boots unavailable)
Stlth    +++.......             (no amulet)
HPRegen  0.09/turn              j - +2 ring of protection
MPRegen  0.10/turn              (no ring)

@: quick
A: very small, no armour, no weapons or thrown items, stealth, claws 1, fangs 3,
see invisible, speed 1, shaggy fur 1, sharp paws
a: Minor Destruction, Lesser Servant of Makhleb, Major Destruction, Renounce
Religion


You were in the Dungeon.
You worshipped Makhleb.
Makhleb was greatly pleased with you.
You visited 1 branch You collected 9 gold pieces.

Inventory:

Jewellery
 j - a +2 ring of protection (left paw)
 k - a +3 ring of intelligence
Wands
 i - a wand of acid (10)
Scrolls
 f - 2 scrolls of blinking
 g - 3 scrolls of remove curse
 h - 2 scrolls of amnesia
Potions
 a - 5 potions of curing
 b - 3 potions of heal wounds
 c - a potion of haste
 d - 4 potions of magic
 e - a potion of invisibility


   Skills:
 + Level 6.7 Fighting
 + Level 10.0 Dodging
 + Level 4.0 Stealth
 + Level 8.3 Unarmed Combat


You had 4 spell levels left.
You didn't know any spells.
Your spell library was empty.

Dungeon Overview and Level Annotations

Branches:
Dungeon (1/1)

Altars:
Cheibriados
Dithmenos
Elyvilon
Fedhas
Gozag
Hepliaklqana
Kikubaaqudgha
Makhleb
Nemelex Xobeh
Okawaru
Qazlal
Ru
Sif Muna
Trog
Uskayaw
Vehumet
Wu Jian
Xom
Yredelemnul
Zin
The Shining One
Beogh
Jiyva
Lugonu


Innate Abilities, Weirdness & Mutations

You cannot wear armour.
You are incapable of wielding weapons or throwing items.
Your paws allow you to move quietly. (Stealth)
You have sharp claws.
You have razor-sharp teeth.
You have supernaturally acute eyesight. (SInv)
You cover ground quickly.
You are covered in fur. (AC +1)
Your sharp claws are effective at attacking unaware monsters.


Message History

The lindwurm completely misses you. x2; The lindwurm claws you.
You completely miss the lindwurm.
The lindwurm is heavily wounded.
The lindwurm bites you! The lindwurm misses you.
The lindwurm completely misses you.
You are too injured to fight recklessly!
You are too injured to fight recklessly!
You are too injured to fight recklessly!
You are too injured to fight recklessly!
You are too injured to fight recklessly!
You are too injured to fight recklessly!
You are too injured to fight recklessly!
You are too injured to fight recklessly!
You are too injured to fight recklessly!
You scratch the lindwurm but do no damage.
The lindwurm is heavily wounded.
The lindwurm breathes flames at you. The blast of flame hits you!!!
Ouch! That really hurt!
You die...

▓_▓
▓_▓
▓_▓
▓_▓
▓_▓
▓.▓
▓_▓
▓.▓+▓
▓'▓
▓.▓k▓
▓.▓
▓.▓@▓
▓.▓
▓.▓.▓
▓)▓
▓.▓.▓
▓.▓
▓.▓.▓
▓[▓
▓.▓.▓
▓[▓
▓.▓.▓
▓[▓
▓.▓†▓
▓.▓
▓.▓$▓
▓.▓
▓.▓$▓
▓†▓


You could see a lindwurm (catching breath).

Vanquished Creatures
  An orc warrior (D)
  A wight (D)
  A howler monkey (D)
  2 orc wizards (D)
  7 worms (D)
  A leopard gecko (D)
  2 bats (D)
  A hobgoblin (D)
  2 frilled lizards (D)
  A quokka skeleton (D)
  A rat (D)
20 creatures vanquished.

Notes
Turn   | Place    | Note
-------+----------+-------------------------------------------
     0 | D        | mhtbhm the Felid Monk began the quest for the Orb.
     0 | D        | Reached XP level 1. HP: 10/10 MP: 2/2
   123 | D        | Noticed an orc wizard
   123 | D        | Noticed an orc wizard
   132 | D        | Killed an orc wizard
   132 | D        | Reached skill level 6 in Dodging
   132 | D        | Reached XP level 2. HP: 15/15 MP: 3/3
   132 | D        | Reached XP level 3. HP: 18/18 MP: 4/4
   141 | D        | Reached skill level 7 in Dodging
   141 | D        | Reached skill level 5 in Unarmed Combat
   310 | D        | Found a roughly hewn altar of Beogh.
   310 | D        | Found a snail-covered altar of Cheibriados.
   310 | D        | Found a shadowy altar of Dithmenos.
   310 | D        | Found a white marble altar of Elyvilon.
   310 | D        | Found a blossoming altar of Fedhas.
   310 | D        | Found an opulent altar of Gozag.
   311 | D        | Found a hazy altar of Hepliaklqana.
   312 | D        | Found a viscous altar of Jiyva.
   313 | D        | Found an ancient bone altar of Kikubaaqudgha.
   314 | D        | Found a corrupted altar of Lugonu.
   315 | D        | Found a burning altar of Makhleb.
   316 | D        | Found a sparkling altar of Nemelex Xobeh.
   317 | D        | Found an iron altar of Okawaru.
   318 | D        | Found a stormy altar of Qazlal.
   319 | D        | Found a sacrificial altar of Ru.
   320 | D        | Found a shimmering blue altar of Sif Muna.
   321 | D        | Found a bloodstained altar of Trog.
   322 | D        | Found a hide-covered altar of Uskayaw.
   323 | D        | Found a radiant altar of Vehumet.
   325 | D        | Became a worshipper of Makhleb the Destroyer
   325 | D        | Reached * piety under Makhleb
   325 | D        | Reached ** piety under Makhleb
   327 | D        | Found an ornate altar of the Wu Jian Council.
   328 | D        | Found a shimmering altar of Xom.
   329 | D        | Found a basalt altar of Yredelemnul.
   330 | D        | Found a glowing silver altar of Zin.
   331 | D        | Found a glowing golden altar of the Shining One.
   360 | D        | Noticed an orc warrior
   360 | D        | Noticed a black bear
   360 | D        | Noticed a water moccasin
   367 | D        | Reached skill level 5 in Fighting
   367 | D        | Reached skill level 8 in Dodging
   367 | D        | Reached XP level 4. HP: 19/23 MP: 5/5
   374 | D        | Killed an orc warrior
   374 | D        | Reached skill level 9 in Dodging
   374 | D        | Reached XP level 5. HP: 24/28 MP: 6/6
   394 | D        | Slain by a black bear
   395 | D        | Reached XP level 4. HP: 0/24 MP: 5/5
   471 | D        | Reached *** piety under Makhleb
   487 | D        | Reached **** piety under Makhleb
   493 | D        | Reached XP level 5. HP: 28/28 MP: 6/6
   494 | D        | Noticed a lindwurm
   500 | D        | Reached skill level 10 in Dodging
   504 | D        | Killed from afar by a lindwurm

Illustrated notes

Levels and vault maps discovered:
D:        linesprint [early_d, line_temple, items_1, d_10, items_2, lair_1,
          lair_end, items_3, orc_1, orc_end, items_4, d_15, swamp_1, shoals_1,
          snake_1, spider_1, d_20, vaults_1, items_5, swamp_end, shoals_end,
          snake_end, spider_end, vaults_end, d_27, items_6, zot_1, zot_end,
          crypt_end, forest_end, elf_end, slime_end, tomb_end, abyss_end,
          pan_hell_end]

Skill      XL: |  1  2  3  4  5 |
---------------+----------------+-----
Fighting       | 4 5 6 |  6.7
Dodging        | 6 8 9 10 | 10.0
Stealth        | 3 4 |  4.0
Unarmed Combat | 4 6 7 8 |  8.3

Action                   |  1- 3 |  4- 6 || total
-------------------------+-------+-------++-------
Melee: Unarmed           |    39 |    62 ||   101
       Bite              |     5 |     6 ||    11
       Punch             |     1 |     5 ||     6
  Use: Potion            |     1 |       ||     1
 Stab: Sleeping          |       |     2 ||     2
Armor: Skin              |     5 |       ||     5
Dodge: Dodged            |    21 |    51 ||    72

Table legend: (Time is in decaauts)
 A = Elapsed time spent in this place.
 B = Non-inter-level travel time spent in this place.
 C = Inter-level travel time spent in this place.
 D = Time resting spent in this place.
 E = Time spent auto-exploring this place.
 F = Levels seen in this place.
 G = Mean time per level.
                   A        B        C        D        E       F      G
               +--------+--------+--------+--------+--------+-----+--------+
         Total |    467 |    467 |      0 |    258 |      0 |   1 |  467.0 |
       Dungeon |    467 |    467 |      0 |    258 |      0 |   1 |  467.0 |
               +--------+--------+--------+--------+--------+-----+--------+

Top non-repeatable levels by time:
       D: 467 daAuts
